 Dungeon Crawl Stone Soup version 0.32-a0-135-g14f8b2e1af (webtiles) character file.

Game seed: 15718526258140032296

212 Dirtsage the Changeling (level 5, -1/35 HPs)
             Began as an Octopode Shapeshifter on Feb 10, 2024.
             Succumbed to an adder's poison
             ... on level 4 of the Dungeon.
             The game lasted 00:03:26 (2460 turns).

Dirtsage the Changeling (Octopode Shapeshifter)     Turns: 2460, Time: 00:03:26

Health: -1/35      AC:  1    Str: 14    XL:     5   Next: 89%
Magic:  5/5        EV: 14    Int: 12    God:
Gold:   248        SH:  0    Dex: 13    Spells: 4/4 levels left

rFire   . .          .
                       - Unarmed
rCold   . . .        (no shield)
rNeg    . . .        (helmet currently unavailable)
rPois   .            (no amulet)
rElec   .            (no ring)
rCorr   .            (no ring)
SInv    .            (no ring)
Will    .....        (no ring)
Stlth   ++           (no ring)
HPRegen 0.25/turn    (no ring)
MPRegen 0.09/turn    (no ring)
                     (no ring)

%: no passive effects
@: lethally poisoned (-1 -> -10), beast-form, hasted, very quick
A: beast (slay +2), almost no armour, amphibious, 8 rings, camouflage 1,
gelatinous body 1, (nimble swimmer 1), tentacles
a: Begin Untransformation


You were on level 4 of the Dungeon.
You were a hulking beast.
You visited 1 branch of the dungeon, and saw 4 of its levels.

You collected 248 gold pieces.

Inventory:

Magical Staves
 r - a staff of fire
Talismans
 b - a beast talisman
 c - a flux talisman
Scrolls
 e - 2 scrolls of poison {unknown}
 g - 5 scrolls of identify {unknown}
 k - a scroll of brand weapon {unknown}
 l - 2 scrolls of teleportation {unknown}
 m - a scroll of fear {unknown}
 n - a scroll of torment {unknown}
 p - a scroll of blinking {unknown}
 q - a scroll of vulnerability {unknown}
Potions
 a - a potion of lignification
 d - a potion of brilliance {unknown}
 f - a potion of mutation {unknown}
 h - 2 potions of haste
 i - 3 potions of curing {unknown}
 j - a potion of ambrosia {unknown}
 o - a potion of might {unknown}
 s - 2 potions of degeneration {unknown}


   Skills:
 + Level 2.5 Fighting
 + Level 3.1 Dodging
 + Level 3.8 Unarmed Combat
 * Level 4.4 Shapeshifting


You had 4 spell levels left.
You didn't know any spells.
Your spell library was empty.

Dungeon Overview and Level Annotations

Branches:
Dungeon (4/15)
 Temple: D:4-7

Altars:
Nemelex Xobeh
Yredelemnul

Annotations:
D:4 Blork the orc


Innate Abilities, Weirdness & Mutations

You are a hulking beast.
Your limbs bulge with bestial killing power. (Slay +2)
You cannot wear most types of armour.
You are amphibious.
You can wear up to eight rings at the same time.
Your skin changes colour to match your surroundings (Stealth+).
Your rubbery body absorbs attacks. (AC +1, EV +1)
((You are camouflaged when in or above water. (Stealth+)))
You have tentacles for arms and can constrict up to eight enemies at once.


Message History

You feel very sick. The adder closely misses you. The scorpion misses you.
You take 4 damage, and have 20/34 hp.
You are too injured to fight recklessly!
You are too injured to fight recklessly!
You bludgeon the scorpion!
You squeeze the scorpion, but do no damage.
The scorpion is severely wounded.
You constrict the scorpion, but do no damage.
You feel very sick. The adder misses you. The scorpion misses you.
You take 4 damage, and have 16/34 hp.
You tentacle-slap the scorpion but do no damage.
You squeeze the scorpion.
You kill the scorpion!
You feel very sick. The adder closely misses you. The adder barely misses you.
You take 3 damage, and have 13/35 hp.
You miss the adder. Your grab misses the adder.
You feel sick. The adder bites you.
* * * LOW HITPOINT WARNING * * *
You are lethally poisoned!
The adder poisons you!
You take 4 damage, and have 9/35 hp.
You barely miss the adder. Your grab misses the adder.
* * * LOW HITPOINT WARNING * * *
You feel very sick. The adder closely misses you.
You take 3 damage, and have 6/35 hp.
You closely miss the adder. You grab the adder.
You constrict the adder, but do no damage.
* * * LOW HITPOINT WARNING * * *
You feel very sick. The adder bites you.
* * * LOW HITPOINT WARNING * * *
You take 5 damage, and have 1/35 hp.
It was a potion of haste.
You feel yourself speed up.
h - 2 potions of haste;
l - 2 scrolls labelled JOTHIY GOYRYNG You constrict the adder.
You die...

.......##
##.......## ##
#.........#
##..#.........#
.#.#.........#
#...........#
#.##.#S....#
#.....h...##
#.<........#
#.##.##.##.##
#.........
#.##.##..#.# #
#........#.#
####.†.....#
#####.### .. #.
#...#


You could see an adder.

Vanquished Creatures
  A scorpion (D:4)
  4 gnolls (D:3)
  5 adders
  2 dart slugs
  A ribbon worm (D:3)
  5 endoplasms
  6 giant cockroaches
  4 goblins
  12 hobgoblins
  A quokka (D:1)
  4 ball pythons
  3 bats
  5 frilled lizards (D:1)
  6 kobolds
  6 rats
65 creatures vanquished.

Notes
Turn   | Place    | Note
-------+----------+-------------------------------------------
     0 | D:1      | Dirtsage the Octopode Shapeshifter began the quest for the
                  | Orb.
     0 | D:1      | Reached XP level 1. HP: 13/13 MP: 1/1
    36 | D:1      | You fall into a shaft and drop 1 floor!
   126 | D:1      | Reached XP level 2. HP: 17/18 MP: 2/2
   370 | D:1      | Found a faded altar of an unknown god.
   415 | D:1      | Reached XP level 3. HP: 23/23 MP: 3/3
   952 | D:2      | Found a sparkling altar of Nemelex Xobeh.
  1031 | D:2      | Reached XP level 4. HP: 29/29 MP: 4/4
  1593 | D:3      | Reached skill level 4 in Shapeshifting
  1594 | D:3      | Reached XP level 5. HP: 28/34 MP: 5/5
  2175 | D:3      | Found a basalt altar of Yredelemnul.
  2320 | D:4      | Noticed Blork the orc
  2429 | D:4      | Identified the +1 robe of Tempters {*Corrode Fly rF- Dex+6}
  2459 | D:4      | HP: 1/35 [adder (2)]
  2460 | D:4      | Succumbed to an adder's poison

Illustrated notes

Levels and vault maps discovered:
D:1:      lightli_arrival_maybe_door_vault, layout_basic,
          shapermc_ecumenical_altar_mp_ritualfount
D:2:      layout_basic, basic_altar, minmay_mini_jars
D:3:      layout_loops_corners, mainiacjoe_overflow_alcove_4
D:4:      layout_loops_cross, uniq_sigmund, uniq_blork_the_orc

Skill      XL: |  1  2  3  4  5 |
---------------+----------------+-----
Fighting       | 2 |  2.5
Shapeshifting  | 4 |  4.4
Dodging        | 3 |  3.1
Unarmed Combat | |  3.8

Action                     |  1- 3 |  4- 6 || total
---------------------------+-------+-------++-------
  Melee: Unarmed           |    70 |    59 ||   129
         Constrict         |    17 |    14 ||    31
         Tentacles         |    14 |    15 ||    29
         Punch             |       |     1 ||     1
    Use: Potion            |       |     1 ||     1
   Stab: Sleeping          |     4 |    12 ||    16
 Armour: Skin              |    17 |    16 ||    33
  Dodge: Dodged            |    39 |    31 ||    70

Table legend: (Time is in decaauts)
 A = Elapsed time spent in this place.
 B = Non-inter-level travel time spent in this place.
 C = Inter-level travel time spent in this place.
 D = Time resting spent in this place.
 E = Time spent auto-exploring this place.
 F = Levels seen in this place.
 G = Mean time per level.
                   A        B        C        D        E       F      G
               +--------+--------+--------+--------+--------+-----+--------+
         Total |   2451 |   2383 |     68 |      0 |   1995 |   4 |  612.8 |
       Dungeon |   2451 |   2383 |     68 |      0 |   1995 |   4 |  612.8 |
               +--------+--------+--------+--------+--------+-----+--------+

Top non-repeatable levels by time:
     D:3: 881 daAuts
     D:2: 716 daAuts
     D:1: 714 daAuts
     D:4: 138 daAuts
